Map: 2000 Atmospheres LE

Players

Maplez - Winner!

  • Race: Protoss Protoss
  • League: Grandmaster
  • Spawn Location: 3:00

Kozan

  • Race: Terran Terran
  • League: Grandmaster
  • Spawn Location: 7:00

VOD

Have the link to the VOD?

Description

Time

  • Played on: May 9, 2022, 10:40 p.m.
  • Length: 14:58
Show
View Real Time Build Order
Export as new Build Order

Maplez Protoss - Winner!

Build Orders: 1 Gate Expand, Oracle Opening, Phoenix Opening, Carriers, Colossus Rush 

Get SALT Encoding   

  12  0:00  Probe  
  13  0:12  Probe  
  14  0:17  Pylon  
  14  0:24  Probe (Chrono Boost)  
  16  0:36  Probe (Chrono Boost), Gateway  
  16  0:43  Probe (Chrono Boost)  
  16  0:45  Assimilator  
  17  0:51  Probe  
  18  1:03  Probe  
  19  1:15  Probe  
  20  1:24  Cybernetics Core  
  20  1:34  Nexus  
  20  1:43  Pylon  
  20  1:45  Probe (Chrono Boost)  
  21  1:57  Probe (Chrono Boost), Assimilator  
  22  2:02  Probe (Chrono Boost)  
  23  2:09  Stargate  
  23  2:11  Probe (Chrono Boost)  
  24  2:19  Adept  
  27  2:23  Probe (Chrono Boost)  
  27  2:28  Probe (Chrono Boost)  
  28  2:30  Warp Gate  
  28  2:40  Probe (Chrono Boost)  
  29  2:46  Probe (Chrono Boost)  
  29  2:49  Adept  
  33  2:55  Probe x2 (Chrono Boost)  
  36  3:00  Oracle (Chrono Boost)  
  36  3:02  Probe x2  
  39  3:14  Probe x2  
  39  3:15  Gateway  
  41  3:20  Pylon  
  41  3:26  Probe x2  
  41  3:27  Adept  
  43  3:32  Phoenix  
  45  3:38  Probe x2  
  45  3:39  Shield Battery  
  47  3:50  Probe x2, Robotics Facility  
  47  3:53  Assimilator  
  47  3:55  Assimilator  
  50  4:02  Probe  
  50  4:03  Probe  
  50  4:08  Phoenix (Chrono Boost)  
  53  4:14  Probe  
  53  4:15  Probe  
  52  4:29  Phoenix (Chrono Boost)  
  54  4:31  Pylon  
  54  4:36  Pylon  
  52  4:39  Robotics Bay  
  52  4:47  Immortal (Chrono Boost)  
  52  4:50  Nexus  
  52  4:51  Probe  
  52  4:52  Probe  
  58  4:53  Pylon  
  58  4:59  Phoenix  
  60  5:02  Zealot x2  
  60  5:03  Probe  
  60  5:05  Probe  
  66  5:17  Shield Battery  
  66  5:18  Probe  
  71  5:23  Phoenix  
  71  5:26  Colossus (Chrono Boost)  
  75  5:31  Probe  
  75  5:32  Probe  
  77  5:36  Pylon  
  77  5:39  Gateway  
  77  5:43  Probe  
  77  5:47  Extended Thermal Lance  
  77  5:48  Forge  
  78  5:54  Probe, Phoenix  
  81  5:57  Probe  
  81  6:03  Probe  
  83  6:04  Assimilator  
  83  6:06  Probe  
  83  6:08  Sentry  
  86  6:12  Probe  
  86  6:16  Probe  
  88  6:19  Phoenix, Shield Battery  
  88  6:22  Colossus (Chrono Boost)  
  96  6:27  Probe x2  
  96  6:28  Probe  
  96  6:29  Photon Cannon  
  99  6:34  Photon Cannon  
  99  6:39  Probe  
  100  6:41  Shield Battery  
  99  6:48  Sentry  
  99  6:52  Pylon  
  101  6:56  Pylon  
  101  6:57  Pylon  
  101  7:08  Colossus (Chrono Boost)  
  101  7:10  Phoenix  
  101  7:14  Probe  
  108  7:29  Probe  
  107  7:35  Sentry x3  
  101  7:41  Phoenix  
  91  7:46  Probe x2  
  91  7:47  Stargate  
  91  7:49  Assimilator  
  93  7:53  Probe  
  93  7:58  Probe, Nexus  
  94  7:59  Pylon  
  94  8:01  Fleet Beacon  
  94  8:03  Assimilator  
  94  8:04  Photon Cannon, Assimilator  
  94  8:05  Probe, Photon Cannon  
  96  8:06  Shield Battery x2  
  96  8:07  Phoenix  
  96  8:11  Probe  
  99  8:13  Probe, Pylon  
  99  8:15  Zealot x2  
  99  8:16  Zealot  
  99  8:19  Protoss Air Weapons Level 1 (Chrono Boost)  
  106  8:25  Probe  
  104  8:28  Probe  
  104  8:32  Photon Cannon  
  105  8:35  Colossus (Chrono Boost)  
  105  8:36  Probe  
  112  8:41  Probe  
  112  8:47  Carrier (Chrono Boost)  
  119  8:51  Photon Cannon  
  119  8:52  Photon Cannon  
  119  8:54  Shield Battery, Zealot  
  121  9:04  Photon Cannon  
  121  9:06  Carrier (Chrono Boost), Shield Battery  
  125  9:17  Zealot x3  
  131  9:37  Carrier (Chrono Boost)  
  131  9:39  Stargate  
  131  9:41  Photon Cannon  
  137  9:51  Stargate  
  135  9:54  Photon Cannon  
  135  9:56  Photon Cannon, Observer (Chrono Boost)  
  142  10:01  Carrier (Chrono Boost)  
  140  10:10  Zealot x3  
  145  10:15  Twilight Council  
  145  10:19  Protoss Air Weapons Level 2  
  145  10:39  Carrier (Chrono Boost)  
  151  10:45  Carrier (Chrono Boost), Zealot x2  
  155  10:52  Gateway  
  155  10:53  Gateway, Pylon  
  155  10:55  Pylon  
  155  10:57  Gateway  
  151  11:05  Pylon  
  151  11:07  Pylon  
  151  11:14  Zealot x3  
  163  11:19  Carrier (Chrono Boost)  
  163  11:20  Observer  
  163  11:34  Carrier (Chrono Boost)  
  163  11:35  Nexus  
  169  11:42  Charge (Chrono Boost)  
  169  11:43  Zealot x3, Pylon  
  175  11:49  Templar Archives  
  175  11:51  Carrier  
  173  12:05  Zealot x3  
  173  12:06  Zealot x3  
  145  12:28  Zealot x5  
  129  12:35  Carrier  
  127  12:41  High Templar  
  124  12:52  Zealot x3  
  128  13:04  High Templar x2  
  132  13:07  Assimilator x2  
  132  13:12  Photon Cannon  
  128  13:28  Photon Cannon  
  115  13:43  High Templar x3  
  115  13:44  High Templar, Zealot x2  
  127  13:55  Archon x2  
  145  14:34  Zealot  
  145  14:35  Zealot x4  
Show
View Real Time Build Order
Export as new Build Order

Kozan Terran 

Build Orders:  

Get SALT Encoding   

  12  0:00  SCV  
  13  0:12  SCV  
  14  0:17  Supply Depot  
  14  0:24  SCV  
  15  0:39  SCV  
  15  0:41  Barracks  
  16  0:45  Refinery  
  16  0:51  SCV  
  17  1:03  SCV  
  18  1:15  SCV  
  19  1:29  Marine, Orbital Command  
  20  1:44  Command Center  
  20  1:50  Supply Depot  
  20  1:53  Barracks Reactor  
  20  1:55  SCV  
  21  2:07  SCV  
  22  2:09  Factory  
  22  2:19  SCV  
  23  2:29  Marine x2  
  25  2:31  SCV  
  25  2:33  Barracks  
  26  2:43  SCV  
  27  2:45  Refinery  
  27  2:47  Marine x2  
  29  2:53  Factory Tech Lab  
  29  2:57  Orbital Command  
  29  2:58  SCV  
  30  3:04  Marine  
  30  3:05  Marine  
  32  3:10  SCV  
  32  3:12  Cyclone  
  36  3:22  SCV x2  
  36  3:25  Supply Depot, Barracks Tech Lab  
  38  3:32  Barracks  
  39  3:34  SCV  
  39  3:36  SCV  
  39  3:37  Marine x2  
  42  3:47  Supply Depot  
  42  3:48  SCV x2  
  43  3:49  Stimpack  
  43  3:54  Cyclone  
  47  3:56  Marine  
  47  3:57  Marine  
  48  4:09  SCV x2  
  48  4:15  Marine x2  
  48  4:16  Marine  
  51  4:22  Engineering Bay  
  51  4:24  SCV  
  51  4:25  SCV  
  53  4:32  Marine  
  53  4:33  Marine  
  53  4:35  Supply Depot, Barracks Tech Lab  
  55  4:39  SCV x2  
  55  4:42  Starport  
  55  4:43  Refinery  
  55  4:45  Factory Reactor, Marauder  
  59  4:46  Combat Shield  
  59  4:52  SCV x2  
  61  4:53  Terran Infantry Weapons Level 1  
  61  4:57  Supply Depot  
  61  4:59  Marauder  
  63  5:04  SCV x2  
  63  5:06  Marine x2  
  67  5:08  Marauder  
  69  5:18  SCV  
  69  5:19  SCV  
  69  5:20  Marauder  
  73  5:22  Supply Depot  
  73  5:26  Refinery, Marine x2  
  75  5:31  SCV x2  
  77  5:41  Factory Reactor  
  77  5:43  Medivac x2  
  77  5:44  Marauder x2  
  77  5:45  Supply Depot  
  77  5:47  SCV  
  86  5:52  Supply Depot  
  86  6:07  SCV, Marine x2, Concussive Shells, Marauder  
  86  6:09  Marauder  
  86  6:11  Supply Depot  
  93  6:12  SCV  
  93  6:14  Medivac x2  
  93  6:17  Supply Depot  
  98  6:19  SCV  
  99  6:29  SCV  
  99  6:31  Marauder  
  99  6:32  SCV, Widow Mine x2, Marauder  
  109  6:38  Supply Depot  
  109  6:41  Supply Depot  
  109  6:42  Command Center  
  109  6:46  SCV x2  
  109  6:47  Marine x2  
  111  6:53  Medivac x2  
  117  6:59  Marine  
  117  7:00  Marauder  
  120  7:04  Marine  
  121  7:09  Marine  
  121  7:10  SCV  
  121  7:13  Supply Depot x2  
  123  7:17  Marauder  
  116  7:25  Marine x2  
  116  7:26  Widow Mine  
  116  7:27  Widow Mine  
  110  7:36  Marine  
  94  7:39  Marauder  
  94  7:42  Medivac x2  
  94  7:43  Marine  
  94  7:44  Marauder  
  90  7:45  SCV x2  
  90  7:48  Widow Mine  
  90  7:50  Terran Infantry Armor Level 1  
  85  7:54  Marine  
  85  7:57  Orbital Command  
  86  8:00  Missile Turret, SCV x2, Marauder  
  86  8:01  Marine  
  86  8:05  Marauder  
  93  8:07  Barracks  
  93  8:08  Barracks  
  93  8:11  Marine  
  93  8:12  SCV x2  
  96  8:24  SCV x2  
  96  8:26  SCV  
  95  8:27  Marine x2  
  95  8:28  Marauder  
  95  8:31  Refinery  
  95  8:32  Marine  
  95  8:33  Refinery  
  95  8:36  SCV x2  
  95  8:37  Ghost Academy, Armory  
  95  8:39  SCV  
  98  8:45  Marauder  
  98  8:46  Marine  
  102  8:48  SCV x2  
  102  8:49  Marauder  
  102  8:50  Marine  
  102  8:51  SCV  
  107  8:57  Barracks Reactor, Barracks Tech Lab  
  107  9:00  SCV  
  107  9:01  SCV, Starport  
  109  9:04  Marine  
  109  9:07  Marauder  
  109  9:08  Marine  
  113  9:10  Marauder  
  113  9:14  SCV x2  
  113  9:16  Command Center  
  113  9:17  Enhanced Shockwaves  
  117  9:18  Engineering Bay  
  113  9:25  Ghost  
  113  9:26  Viking x2  
  113  9:27  Ghost  
  119  9:33  Barracks  
  119  9:35  Barracks x2  
  119  9:36  Ghost  
  119  9:37  Marine x4  
  125  9:39  Viking  
  125  9:41  Viking  
  129  9:53  Ghost  
  129  9:56  Viking  
  129  9:57  Marine  
  129  9:58  Marine x3  
  129  9:59  Viking, Widow Mine  
  141  10:06  Ghost x2  
  136  10:22  Ghost  
  136  10:23  Viking x2  
  136  10:24  Marine x2  
  136  10:25  Marine  
  138  10:29  Barracks Tech Lab x2  
  136  10:36  Marine x2, Viking x2  
  136  10:37  Marine  
  143  10:42  Ghost  
  143  10:43  Marine x3  
  148  10:52  Marine x2  
  148  10:53  Marauder  
  150  11:06  Ghost, Marine x3  
  150  11:07  Marine, Viking  
  150  11:08  Viking  
  150  11:09  Ghost  
  162  11:13  Medivac x2  
  162  11:16  Refinery, SCV  
  162  11:17  Refinery  
  168  11:19  Planetary Fortress  
  168  11:20  Missile Turret  
  167  11:26  Marine x4  
  167  11:27  Marauder x2  
  167  11:29  SCV  
  167  11:30  SCV  
  177  11:39  Ghost  
  179  11:40  Marine  
  180  11:49  Terran Infantry Weapons Level 2  
  180  11:51  Supply Depot, Ghost, Marine x2  
  180  11:52  Terran Ship Weapons Level 1, Marauder x2  
  188  11:54  Engineering Bay  
  136  12:26  Ghost, Marine x2  
  136  12:27  Marauder  
  134  12:33  Ghost, Marine x3  
  134  12:34  Marauder x2, Medivac, Widow Mine  
  134  12:36  Viking x3  
  152  12:37  SCV  
  152  12:38  SCV  
  152  12:42  Command Center  
  154  12:44  Marine x2  
  154  12:45  Command Center  
  154  12:46  SCV x2  
  154  12:48  Marauder  
  158  12:56  Marine x3  
  158  12:57  Ghost, Marauder x2  
  146  12:59  Widow Mine  
  146  13:01  Ghost  
  146  13:02  Marine x2  
  133  13:09  Medivac  
  133  13:10  Marauder, Medivac x3  
  140  13:14  Marine x2  
  140  13:16  Marine  
  140  13:18  Marine, Marauder  
  129  13:34  Ghost, Marine x2  
  129  13:35  Marine, Marauder  
  121  13:43  Marine x2  
  117  13:51  Medivac x4  
  117  13:52  Marine  
  107  14:08  Marine x6  
  107  14:09  Marine x2  
  86  14:26  Marine x6  
Tags
 
Add a new tag
Caveats
  • Supply blocks, unpowered buildings, or Contaminate may cause inaccurate times.
  • Supply counts are checked every 10 seconds.